 Dungeon Crawl Stone Soup version 0.30-a0-778-g2ef04afb54 (webtiles) character file.

Game seed: 9289893261228928006

74 AzureAlchemist the Shooter (level 4, -1/28 HPs)
             Began as an Octopode Hexslinger on Feb 16, 2023.
             Killed by nerve-wracking pain
             ... invoked by Grinder
              (3 damage)
             ... on level 3 of the Dungeon.
             The game lasted 00:03:44 (1606 turns).

AzureAlchemist the Shooter (Octopode Hexslinger)    Turns: 1606, Time: 00:03:45

Health: -1/28      AC:  1    Str:  9    XL:     4   Next: 28%
Magic:  5/5        EV: 13    Int: 15    God:
Gold:   95         SH:  0    Dex: 14    Spells: 4/5 levels left

rFire   . . .      SeeInvis .    a - +2 sling (drain)
rCold   + . .      Faith    .    (no shield)
rNeg    . . .      Spirit   .    (helmet restricted)
rPois   .          Reflect  .    (no amulet)
rElec   .          Harm     .    k - ring of protection from cold
rCorr   .          Rampage  .    (no ring)
Will    .....                    (no ring)
Stlth   ++                       (no ring)
HPRegen 0.24/turn                (no ring)
MPRegen 0.09/turn                (no ring)
                                 (no ring)
                                 (no ring)

@: no status effects
A: almost no armour, amphibious, 8 rings, camouflage 1, gelatinous body 1,
(nimble swimmer 1), tentacles
a: no special abilities


You were on level 3 of the Dungeon.
You visited 1 branch of the dungeon, and saw 3 of its levels.

You collected 95 gold pieces.

Inventory:

Hand Weapons
 a - a +2 sling of draining (weapon)
Jewellery
 k - a ring of protection from cold (left tentacle)
Wands
 m - a wand of digging (5)
Scrolls
 b - 2 scrolls of poison
 c - a scroll of teleportation
 e - a scroll of identify
Potions
 h - a potion of invisibility {unknown}
 i - a potion of magic {unknown}
 j - a potion of might {unknown}
 l - a potion of ambrosia


   Skills:
 - Level 1.0 Fighting
 + Level 4.4 Ranged Weapons
 - Level 2.0 Dodging
 - Level 1.0 Spellcasting
 - Level 3.0 Hexes


You had 4 spell levels left.
You knew the following spells:

 Your Spells              Type           Power      Damage    Failure   Level
a - Slow                  Hex            36%        N/A       7%          1

Your spell library contained the following spells:

 Spells                   Type           Power      Damage    Failure   Level
 Ensorcelled Hibernation  Hex/Ice        10%        N/A       21%         2
 Shock                    Conj/Air       0%         1d3       24%         1
 Inner Flame              Hex/Fire       5%         N/A       36%         3
 Portal Projectile        Hex/Tloc       10%        N/A       36%         3
 Cause Fear               Hex            4%         N/A       56%         4
 Spider Form              Tmut/Pois      0%         N/A       58%         3
 Swiftness                Air            0%         N/A       58%         3
 Anguish                  Hex/Necr       2%         N/A       78%         4
 Airstrike                Air            0%         2d(0-16)  94%         4


Dungeon Overview and Level Annotations

Branches:
Dungeon (3/15)

Altars:
Nemelex Xobeh
Qazlal

Annotations:
D:3 Grinder


Innate Abilities, Weirdness & Mutations

You cannot wear most types of armour.
You are amphibious.
You can wear up to eight rings at the same time.
Your skin changes colour to match your surroundings (Stealth+).
Your rubbery body absorbs attacks. (AC +1, EV +1)
((You are camouflaged when in or above water. (Stealth+)))
You have tentacles for arms and can constrict up to eight enemies at once.


Message History

The sling bullet closely misses Grinder.
You shoot a sling bullet. The sling bullet hits Grinder.
Grinder is lightly wounded.
You shoot a sling bullet. The sling bullet hits Grinder!
Grinder is moderately wounded.
You shoot a sling bullet. The sling bullet hits Grinder!
Grinder is heavily wounded.
You shoot a sling bullet.
The sling bullet closely misses Grinder.
You shoot a sling bullet. The sling bullet barely misses Grinder.
Grinder hits you. Grinder misses you.
You shoot a sling bullet.
The sling bullet hits Grinder but does no damage.
Grinder is heavily wounded.
Grinder barely misses you.
You shoot a sling bullet. The sling bullet hits Grinder.
Grinder is heavily wounded.
Grinder barely misses you.
You shoot a sling bullet. The sling bullet barely misses Grinder.
Grinder hits you.
You writhe in agony.
You shoot a sling bullet.
The sling bullet hits Grinder but does no damage.
Grinder is heavily wounded.
Grinder completely misses you.
You shoot a sling bullet. The sling bullet hits Grinder!
Grinder is severely wounded.
Grinder closely misses you.
You shoot a sling bullet.
The sling bullet hits Grinder but does no damage.
Grinder is severely wounded.
Grinder gestures at you. Pain shoots through your body! Grinder hits you.
* * * LOW HITPOINT WARNING * * *
You writhe in agony.
* * * LOW HITPOINT WARNING * * *
You shoot a sling bullet. The sling bullet hits Grinder.
Grinder is severely wounded.
Grinder gestures at you. Pain shoots through your body!
You die...

##.......#.#
#....###.#.# .#
#......#'##
.....###.....# #.).
#.....#
#....###†....# ##
............## #.
#######.5#### #.
######@.## #.
#........# ##
#....####)....
#.#########....#
...._
#..............#
....
#######........#
##..
...................
#..
.........##.#......
.........##.#......


You could see Grinder.

Vanquished Creatures
  3 adders (D:2)
  A worm (D:2)
  7 bats
  3 endoplasms
  5 giant cockroaches
  2 goblins
  4 hobgoblins
  2 jackals (D:2)
  5 kobolds
  2 ball pythons
  4 frilled lizards
  4 rats
42 creatures vanquished.

Notes
Turn   | Place    | Note
-------+----------+-------------------------------------------
     0 | D:1      | AzureAlchemist the Octopode Hexslinger began the quest for
                  | the Orb.
     0 | D:1      | Reached XP level 1. HP: 13/13 MP: 2/2
   163 | D:1      | Reached XP level 2. HP: 18/18 MP: 3/3
   235 | D:1      | Reached skill level 3 in Ranged Weapons
   668 | D:2      | Reached XP level 3. HP: 17/23 MP: 4/4
   849 | D:2      | Reached skill level 4 in Ranged Weapons
   881 | D:2      | Reached XP level 4. HP: 6/28 MP: 5/5
  1042 | D:2      | Found a sparkling altar of Nemelex Xobeh.
  1560 | D:3      | Found a stormy altar of Qazlal.
  1579 | D:3      | Noticed Grinder
  1606 | D:3      | Killed from afar by Grinder

Illustrated notes

Levels and vault maps discovered:
D:1:      sevenhm_arrival_forest_fort_small_4, layout_loops_cross
D:2:      layout_loops_ring, basic_altar
D:3:      layout_basic, nicolae_qazlal_style_of_elements,
          general_overflow_altar, uniq_grinder

Skill      XL: |  1  2  3 |
---------------+----------+-----
Ranged Weapons | 3 4 |  4.4
Fighting       | |  1.0
Dodging        | |  2.0
Spellcasting   | |  1.0
Hexes          | |  3.0

Action                     |  1- 3 |  4- 6 || total
---------------------------+-------+-------++-------
   Fire: Sling             |    84 |    44 ||   128
   Cast: Slow              |     1 |       ||     1
    Use: Scroll            |       |     6 ||     6
 Armour: Skin              |     4 |       ||     4
  Dodge: Dodged            |    24 |    12 ||    36

Table legend: (Time is in decaauts)
 A = Elapsed time spent in this place.
 B = Non-inter-level travel time spent in this place.
 C = Inter-level travel time spent in this place.
 D = Time resting spent in this place.
 E = Time spent auto-exploring this place.
 F = Levels seen in this place.
 G = Mean time per level.
                   A        B        C        D        E       F      G
               +--------+--------+--------+--------+--------+-----+--------+
         Total |   1632 |   1589 |     43 |      2 |   1328 |   3 |  544.0 |
       Dungeon |   1632 |   1589 |     43 |      2 |   1328 |   3 |  544.0 |
               +--------+--------+--------+--------+--------+-----+--------+

Top non-repeatable levels by time:
     D:2: 771 daAuts
     D:1: 664 daAuts
     D:3: 196 daAuts
